 Dungeon Crawl Stone Soup version 0.29.1-2-gbd0b4ee654 (webtiles) character file.

Game seed: 5204966562887300184

403 hawla the Chiller (level 7, -2/49 (51) HPs)
             Began as a Meteoran Ice Elementalist on Nov 28, 2022.
             Slain by a wight
             ... wielding a +5 great sword of freezing
              (15 damage)
             ... on level 5 of the Dungeon.
             The game lasted 00:10:36 (2016 turns).

hawla the Chiller (Meteoran Ice Elementalist)       Turns: 2016, Time: 00:10:37

HP:   -2/49 (51)    AC: 12    Str:  8    XL:     7   Next: 34%
MP:   12/14         EV: 12    Int: 23    God:
Gold: 216           SH:  0    Dex: 14    Spells: 0/14 levels left

rFire   + . .      SeeInvis .   h - +3 long sword (protect)
rCold   + . .      Faith    .   m - orb {*channel}
rNeg    . . .      Spirit   .   a - +0 robe
rPois   .          Reflect  .   c - +1 helmet
rElec   .          Harm     .   d - scarf {rC+ rF+}
rCorr   .          Rampage  .   (no gloves)
Will    .....                   g - +0 pair of boots
Stlth   +.........              (no amulet)
HPRegen 0.16/turn               (no ring)
MPRegen 0.14/turn               (no ring)

@: under a protective aura, glowing, lightly drained
A: sense surroundings 2, otherworldly, glowing, explore regen, clever 1
a: no special abilities


You were on level 5 of the Dungeon.
You visited 2 branches of the dungeon, and saw 6 of its levels.

You collected 216 gold pieces.

Inventory:

Hand Weapons
 h - a +3 long sword of protection (weapon)
Armour
 a - a +0 robe (worn)
 c - a +1 helmet (worn)
 d - a scarf of resistance (worn)
 g - a +0 pair of boots (worn)
 m - an orb of energy (worn)
Wands
 j - a wand of flame (8) (quivered)
Scrolls
 e - 2 scrolls of poison
 f - a scroll of enchant weapon
 i - a scroll of teleportation
 n - a scroll of identify
Potions
 b - a potion of magic
 k - a potion of curing
 o - a potion of lignification {unknown}
 p - 2 potions of might {unknown}
 q - a potion of resistance {unknown}
 r - a potion of brilliance {unknown}
 s - a potion of degeneration {unknown}


   Skills:
 - Level 0.8 Fighting
 - Level 2.7 Dodging
 - Level 1.4 Stealth
 - Level 4.1 Spellcasting
 + Level 3.4 Conjurations
 + Level 0.6 Transmutations
 + Level 0.6 Fire Magic
 - Level 7.0 Ice Magic
 + Level 0.6 Air Magic
 + Level 0.6 Poison Magic


You couldn't memorise any spells.
You knew the following spells:

 Your Spells              Type           Power      Damage    Failure   Level
a - Freeze                Ice            100%       1d11      1%          1
b - Frozen Ramparts       Ice            72%        1d11      1%          3
c - Hailstorm             Conj/Ice       28%        3d8       12%         4
d - Mephitic Cloud        Conj/Pois/Air  12%        N/A       16%         3
e - Ignite Poison         Fire/Tmut/Pois 7%         N/A       24%         3

Your spell library contained the following spells:

 Spells                   Type           Power      Damage    Failure   Level
 Ozocubu's Armour         Ice            36%        N/A       1%          3
 Gell's Gravitas          Tloc           4%         N/A       30%         3
 Teleport Other           Tloc           4%         N/A       30%         3
 Freezing Cloud           Conj/Ice/Air   10%        6-21      54%         5
 Dispersal                Tloc           2%         N/A       100%        6


Dungeon Overview and Level Annotations

Branches:
Dungeon (5/15) Zot: 1131   Temple (1/1) D:4 Zot: 417

Altars:
Ashenzari
Cheibriados
Dithmenos
Elyvilon
Hepliaklqana
Kikubaaqudgha
Nemelex Xobeh
Qazlal
Ru
Sif Muna
Trog
Uskayaw
Xom
Yredelemnul
The Shining One

Shops:
D:3 [

Portals:
Ossuary: D:5


Innate Abilities, Weirdness & Mutations

You passively map the area around you.
You are easily found by Zot.
You glow in the dark.
You regain HP and MP as you explore.
Your mind is acute. (Int +4, Str/Dex -1)


Message History

Found an amethyst potion.
Found a sand-covered staircase.
The worm bites you.
Casting: Hailstorm (quite dangerous; 12% risk of failure)
Confirm with . or Enter, or press ? or * to list all spells.
Casting: Frozen Ramparts (safe; 1% risk of failure)
Press: ? - help, Dir - look around, f - activate The walls around you are covered in ice.
You hit the worm.
Your weapon exudes an aura of protection.
The worm is moderately wounded.
The wall freezes the worm!
The worm bites you but does no damage.
You slash the worm!
You kill the worm!
You hear the slow hiss of an avalanche of sand.
The wight resists.
The wall freezes the wight.
You hit the wight but do no damage.
The wight is lightly damaged.
The wight completely resists.
The wall freezes the wight but does no damage.
The wight barely misses you.
The wall freezes the wight but does no damage.
The wight hits you with a +5 great sword of freezing!
The wight freezes you.
Aiming: Throw Flame
Press: ? - help, Shift-Dir - straight line, f - wight
Aim: a wight, wielding a +5 great sword of freezing and wearing a +0 robe (lightly damaged, 68% to hit)
The puff of flame hits the wight but does no damage.
The wight is lightly damaged.
The wight resists.
The wall freezes the wight.
The wight hits you with a +5 great sword of freezing!
* * * LOW HITPOINT WARNING * * *
You feel drained. The wight freezes you.
* * * LOW HITPOINT WARNING * * *
Unknown command.
Okay, then.
Your frozen ramparts will break if you move.
Continue?
The frozen ramparts melt away as you move.
The wight hits you with a +5 great sword of freezing!
You die...

* , , ,... * ** , *
... ,, ,, ,,,!... ,
* ***..... * * ##?..
##... , , ..*
##..#,, *
..###########..# *
** *
,#.......##(..z@#, ,
,
,#.......##.#.##.∩.#
* #.......#.#..##.##
,* ,
#.............### **
, ,
#......###)....#..##
* ,
#..z................
,,
#....).######.######
, ,, ###......# *...
* * , *.........#
##...


You could see a wight.

Vanquished Creatures
  3 wights (D:5)
  Natasha (D:3)
  Terence (D:2)
  4 gnolls (D:2)
  9 adders
  An ufetubus (D:5)
  2 worms
  5 orcs (D:4)
  6 endoplasms
  4 hobgoblins
  6 quokkas
  9 ball pythons
  2 bats
  5 frilled lizards
  11 goblins
  5 kobolds
  5 rats
79 creatures vanquished.

Notes
Turn   | Place    | Note
-------+----------+-------------------------------------------
     0 | D:1      | hawla the Meteoran Ice Elementalist began the quest for the
                  | Orb.
     0 | D:1      | Reached XP level 1. HP: 14/14 MP: 5/5
    50 | D:1      | Found a faded altar of an unknown god.
   120 | D:1      | You fall into a shaft and drop 1 floor!
   131 | D:2      | Reached XP level 2. HP: 18/20 MP: 2/6
   174 | D:2      | Reached skill level 5 in Ice Magic
   174 | D:2      | Reached XP level 3. HP: 14/26 MP: 4/8
   179 | D:2      | Identified the amulet of Kieseph {Spirit +Blink rF- rN+}
   264 | D:2      | Learned a level 3 spell: Frozen Ramparts
   346 | D:2      | Gained mutation: You passively map the area around you.
                  | [potion of mutation]
   346 | D:2      | Gained mutation: Your mind is acute. (Int +4, Str/Dex -1)
                  | [potion of mutation]
   347 | D:2      | Reached XP level 4. HP: 6/34 MP: 4/9
   383 | D:2      | Reached XP level 5. HP: 12/39 MP: 3/11
   452 | D:2      | Noticed Terence
   461 | D:2      | Killed Terence
   728 | D:3      | Found Foleges's Armour Emporium.
   886 | D:3      | Reached skill level 6 in Ice Magic
   891 | D:3      | Learned a level 4 spell: Hailstorm
   991 | D:3      | Noticed Natasha
   996 | D:3      | Killed Natasha
   997 | D:3      | Reached XP level 6. HP: 37/46 MP: 9/13
  1268 | D:4      | Identified a scroll of acquirement
  1268 | D:4      | Acquired a scarf of resistance
  1395 | D:4      | Found a sacrificial altar of Ru.
  1459 | D:4      | Reached skill level 7 in Ice Magic
  1508 | D:4      | Found a hazy altar of Hepliaklqana.
  1566 | D:4      | Found a staircase to the Ecumenical Temple.
  1622 | D:4      | Found a basalt altar of Yredelemnul.
  1625 | D:4      | Found a stormy altar of Qazlal.
  1630 | D:4      | Found a snail-covered altar of Cheibriados.
  1664 | Temple   | Entered the Ecumenical Temple
  1967 | D:5      | Entered Level 5 of the Dungeon
  1992 | D:5      | Reached XP level 7. HP: 27/51 MP: 11/14
  1996 | D:5      | Learned a level 3 spell: Mephitic Cloud
  2000 | D:5      | Learned a level 3 spell: Ignite Poison
  2007 | D:5      | Found a sand-covered staircase.
  2016 | D:5      | Slain by a wight

Illustrated notes

Levels and vault maps discovered:
D:1:      saegor_arrival_simple_c, layout_loops_ring,
          chequers_ecumenical_altar_simple_redux, minmay_crystal_water
D:2:      layout_rooms, uniq_terence
D:3:      layout_loops_ring, serial_shops, nicolae_diamond_shop, uniq_natasha
D:4:      layout_rooms, nicolae_ru_awakened_eye,
          nicolae_hepliaklqana_hippocampus, grunt_temple_overflow_diamond,
          temple_fountains, kennysheep_generic_room_8
D:5:      layout_rooms, nicolae_overflow_hidden_temple, enter_ossuary_5,
          grunt_ministairs_13, kennysheep_small_spiral
Temple:   nicolae_temple_bog_church

Skill      XL: |  1  2  3  4  5  6 |
---------------+-------------------+-----
Ice Magic      | 5 6 7 |  7.0
Spellcasting   | 3 4 |  4.1
Conjurations   | 3 |  3.4
Fighting       | |  0.8
Dodging        | |  2.7
Stealth        | |  1.4
Transmutations | |  0.6
Fire Magic     | |  0.6
Air Magic      | |  0.6
Poison Magic   | |  0.6

Action                   |  1- 3 |  4- 6 |  7- 9 || total
-------------------------+-------+-------+-------++-------
Melee: Unarmed           |     9 |       |       ||     9
       Long sword        |       |    62 |     5 ||    67
 Cast: Freeze            |    25 |    20 |       ||    45
       Frozen Ramparts   |     1 |    13 |     1 ||    15
       Hailstorm         |       |     1 |       ||     1
Evoke: Wand              |       |     3 |     1 ||     4
  Use: Potion            |     1 |       |       ||     1
       Scroll            |       |     7 |       ||     7
Armor: Robe              |     4 |    36 |     2 ||    42
Dodge: Dodged            |    23 |    58 |     1 ||    82
